AoeStats
← BOOMKILLED

Lombardia

509555461Analyzed
2v2 RM · 5d ago on Sep 27, 2026· 94m 55s· 4 players
Game mode
Random Map
Map size
Medium (4 player)
Population
200
Speed
Normal
Resources
Standard
Victory
Conquest
Starting age
Dark Age
Ending age
Imperial Age
RankedLock teamsTeams togetherTeam positionsShared explorationLock speedFull tech treeHidden civsTurbo modeCheats
Victory
Defeat
🇳🇿 Franks · New Zealand
574
+15
🇳🇿 Mongols · New Zealand
567
+16
🇹🇷 Teutons · Türkiye
562
-16
🇨🇦 Romans · Canada
557
-15
BOOMKILLED
11:05 Loom
13:06 Feudal Age
14:46 Wheelbarrow
14:09 Double-Bit Axe
14:11 Horse Collar
14:28 Gold Mining
14:37 Stone Mining
14:39 Town Watch
15:35 Man-at-Arms
28:07 Castle Age
28:54 Forging
28:52 Scale Barding Armor
28:48 Scale Mail Armor
28:49 Padded Archer Armor
28:40 Fletching
30:17 Bow Saw
29:52 Long Swordsman
32:10 Hand Cart
33:40 Squires
34:16 Leather Archer Armor
39:16 Imperial Age
40:54 Heavy Plow
42:40 Gold Shaft Mining
42:16 Legionary
43:56 Iron Casting
43:37 Chain Mail Armor
43:43 Chain Barding Armor
43:19 Bodkin Arrow
43:55 Ring Archer Armor
44:09 Caravan
44:40 Coinage
43:56 Heavy Scorpion
46:37 Blast Furnace
45:58 Fortified Wall
46:02 Masonry
45:54 Murder Holes
48:44 Conscription
48:47 Comitatenses
49:32 Plate Barding Armor
51:00 Crop Rotation
50:59 Husbandry
51:10 Bloodlines
52:22 Ballistas
53:13 Capped Ram
55:02 Pikeman
55:27 Elite Centurion
56:43 Siege Engineers
57:11 Architecture
57:44 Chemistry
57:09 Siege Ram
64:08 Ballistics
72:26 Halberdier
Sercan35
11:12 Feudal Age
12:09 Horse Collar
12:20 Double-Bit Axe
16:01 Bloodlines
17:14 Stone Mining
18:36 Gold Mining
25:26 Castle Age
24:44 Forging
24:41 Scale Barding Armor
26:38 Bow Saw
28:29 Stone Shaft Mining
28:39 Iron Casting
29:47 Chain Barding Armor
30:28 Ironclad
36:24 Imperial Age
36:27 Masonry
38:20 Hoardings
39:10 Cavalier
41:20 Fortified Wall
42:38 Two-Man Saw
44:45 Wheelbarrow
43:56 Town Watch
45:07 Capped Ram
47:18 Elite Teutonic Knight
48:34 Paladin
50:50 Blast Furnace
52:34 Plate Barding Armor
53:29 Heavy Plow
58:50 Hand Cart
59:24 Caravan
60:32 Heated Shot
61:04 Siege Engineers
65:30 Town Patrol
Caucasian Rat
5:37 Loom
10:34 Feudal Age
11:12 Double-Bit Axe
12:37 Gold Mining
17:24 Wheelbarrow
16:36 Man-at-Arms
22:40 Castle Age
21:56 Scale Mail Armor
22:56 Stone Mining
24:46 Gold Shaft Mining
23:48 Long Swordsman
24:31 Squires
25:19 Bow Saw
27:58 Husbandry
28:16 Town Watch
28:50 Forging
29:53 Hand Cart
31:26 Town Patrol
35:17 Imperial Age
36:24 Chain Mail Armor
36:45 Iron Casting
36:15 Scale Barding Armor
35:34 Cavalier
35:37 Two-Handed Swordsman
36:52 Murder Holes
36:39 Treadmill Crane
37:45 Conscription
38:06 Elite Throwing Axeman
40:40 Caravan
40:16 Champion
40:20 Paladin
42:19 Blast Furnace
42:24 Arrowslits
43:00 Ballistics
42:52 Masonry
44:36 Hoardings
44:04 Chivalry
45:46 Plate Mail Armor
45:37 Chain Barding Armor
44:42 Pikeman
45:09 Gambesons
45:09 Arson
49:45 Plate Barding Armor
49:25 Fortified Wall
49:21 Siege Engineers
49:47 Architecture
50:19 Chemistry
50:21 Fletching
50:31 Padded Archer Armor
54:25 Light Cavalry
54:55 Heavy Scorpion
54:56 Capped Ram
56:46 Coinage
56:44 Heresy
56:30 Devotion
56:27 Herbal Medicine
61:04 Halberdier
61:56 Ordonnance Companies
63:19 Leather Archer Armor
63:00 Bodkin Arrow
64:13 Banking
63:21 Cranequins
63:23 Heavy Mounted Crossbowman
gluestick656
13:22 Feudal Age
17:16 Gold Mining
21:16 Castle Age
20:24 Bloodlines
20:21 Double-Bit Axe
20:19 Horse Collar
20:35 Stone Mining
23:33 Scale Barding Armor
23:39 Forging
24:52 Chain Barding Armor
31:44 Heavy Plow
38:30 Imperial Age
36:56 Iron Casting
38:41 Town Watch
39:32 Wheelbarrow
38:42 Loom
40:45 Blast Furnace
39:45 Scale Mail Armor
39:40 Fletching
40:07 Husbandry
40:21 Nomads
41:02 Hoardings
41:16 Gold Shaft Mining
41:16 Stone Shaft Mining
40:57 Bow Saw
41:45 Wheelbarrow
40:56 Loom
41:33 Town Watch
42:24 Wheelbarrow
41:35 Loom
42:25 Chain Mail Armor
42:12 Murder Holes
42:40 Ballistics
43:08 Caravan
42:41 Pikeman
43:22 Squires
42:43 Man-at-Arms
43:08 Arson
46:31 Long Swordsman
47:07 Elite Steppe Lancer
47:08 Heavy Camel Rider
48:22 Heavy Scorpion
48:23 Capped Ram
54:42 Fortified Wall
54:45 Masonry
54:53 Siege Engineers
57:26 Hand Cart
57:12 Town Patrol
65:06 Siege Ram
71:07 Chemistry
Connection lost

Rejoining the realm…

Still unreachable

The connection could not be restored.

Session expired

The server has moved on; the page needs a fresh start.